 Dungeon Crawl Stone Soup version 0.30-a0-2-gf48d83f5e2 (webtiles) character file.

Game seed: 11635734815771351414

264364 enile the Eclecticist (level 20, 0/157 HPs)
             Began as a Djinni Earth Elementalist on Aug 20, 2022.
             Was the Champion of Makhleb.
             Shot with an arrow by a deep elf master archer (32 damage)
             ... on level 3 of the Elven Halls.
             The game lasted 01:18:21 (32447 turns).

enile the Eclecticist (Djinni Earth Elementalist)  Turns: 32447, Time: 01:18:22

Health: 0/157      AC:  7    Str:  8    XL:     20   Next: 86%
Gold:   1691       EV: 22    Int: 32    God:    Makhleb [******] SH:  0 Dex: 21

rFire   + + .      SeeInvis .    x - +7 mace of Variability {chain chaos}
rCold   . . .      Faith    +    (shield currently unavailable)
rNeg    . . .      Spirit   .    B - +2 troll leather armour
rPois   ∞          Reflect  .    (helmet restricted)
rElec   +          Harm     +    v - scarf {+Inv}
rCorr   +          Rampage  .    z - +0 pair of gloves of Cuapt {rElec Dex+4 Slay+3}
Will    ++++.                    (boots unavailable)
Stlth   ++........               N - amulet "Vevab" {Faith Harm Regen+ Str+2 Dex-5}
HPRegen 1.96/turn                j - ring "Pitioth" {Will++ Int+3 Dex+6}
MPRegen 0.00/turn                I - ring of Bital {Drain rC+ rCorr Int+2 Slay+6}

@: flying
A: sickness immunity, fire resistance 2, cold vulnerability 1, float, innate
caster, HP casting, extra vitality 1, antennae 1, clever 1, wild magic 1
}: 2/15 runes: serpentine, barnacled
a: Renounce Religion, Evoke Invisibility, Minor Destruction, Lesser Servant of
Makhleb, Major Destruction, Greater Servant of Makhleb


You were on level 3 of the Elven Halls.
You worshipped Makhleb.
Makhleb was exalted by your worship.
You visited 6 branches of the dungeon, and saw 32 of its levels.
You also visited: Ossuary, Bailey and Ice Cave.

You collected 3963 gold pieces.
You spent 2272 gold pieces at shops.

Inventory:

Hand Weapons
 e - a +9 vorpal great sword
 x - the +7 mace of Variability (weapon) {chain chaos}
   (You found it on level 4 of the Shoals)

   Each time it hits an enemy it has a different, random effect.
   It occasionally unleashes arcs of chaos on nearby creatures upon striking a
   foe.
Missiles
 c - 5 throwing nets
 p - 6 curare-tipped darts
Armour
 a - a +2 robe of cold resistance
 v - a scarf of invisibility (worn)
 z - the +0 pair of gloves of Cuapt (worn) {rElec Dex+4 Slay+3}
   (You acquired it on level 1 of the Lair of Beasts)

   Dex:       It affects your dexterity (+4).
   Slay:      It affects your accuracy & damage with ranged weapons and melee
   (+3).
   rElec:     It insulates you from electricity.
 B - a +2 troll leather armour (worn)
Magical Staves
 G - a staff of fire
Jewellery
 j - the ring "Pitioth" (left hand) {Will++ Int+3 Dex+6}
   (You found it on level 1 of the Snake Pit)

   [ring of dexterity]

   Int:       It affects your intelligence (+3).
   Dex:       It affects your dexterity (+6).
   Will:      It greatly increases your willpower.
 l - the ring of the Tortoise {AC+8}
   (You found it on level 4 of the Shoals)

   [ring of protection]

   AC:        It affects your AC (+8).
 A - a ring of protection from fire
 I - the ring of Bital (right hand) {Drain rC+ rCorr Int+2 Slay+6}
   (You found it on level 4 of the Shoals)

   [ring of protection from cold]

   Int:       It affects your intelligence (+2).
   Slay:      It affects your accuracy & damage with ranged weapons and melee
   (+6).
   rC:        It protects you from cold.
   rCorr:     It protects you from acid and corrosion.
   Drain:     It drains your maximum health when unequipped.
 K - a ring of ice
 L - an amulet of reflection
 N - the amulet "Vevab" (around neck) {Faith Harm Regen+ Str+2 Dex-5}
   (You bought it in a shop on level 2 of the Orcish Mines)

   [amulet of faith]

   It allows you to gain divine favour quickly.
   Str:       It affects your strength (+2).
   Dex:       It affects your dexterity (-5).
   Regen:     It increases your rate of health regeneration.
   Harm:      It increases damage dealt and taken.
 Q - a ring of ice
 X - a ring of see invisible
 Z - an amulet of faith
Wands
 h - a wand of flame (64)
 r - a wand of quicksilver (4)
 t - a wand of polymorph (17)
 y - a wand of charming (34)
 E - a wand of roots (38)
 O - a wand of mindburst (20)
 S - a wand of digging (5)
Scrolls
 d - 4 scrolls of teleportation
 g - a scroll of enchant armour
 i - 3 scrolls of enchant weapon
 k - 2 scrolls of poison
 o - 2 scrolls of brand weapon
 q - 7 scrolls of identify
 J - 4 scrolls of silence
 M - 2 scrolls of butterflies
 T - 4 scrolls of fear (quivered)
 U - 3 scrolls of magic mapping
Potions
 b - 19 potions of curing
 f - 2 potions of invisibility
 m - 2 potions of might
 n - 3 potions of haste
 s - 5 potions of mutation
 u - 2 potions of cancellation
 w - a potion of resistance
 C - 2 potions of heal wounds
 D - a potion of flight
 H - 5 potions of berserk rage
 R - 3 potions of lignification
 V - 5 potions of brilliance
 Y - 5 potions of ambrosia {unknown}
Miscellaneous
 P - a condenser vane (inert)
 W - a box of beasts (inert)


   Skills:
 - Level 18.0 Fighting
 - Level 4.0 Long Blades
 + Level 3.0 Maces & Flails
 - Level 4.0 Armour
 - Level 15.0 Dodging
 - Level 1.9 Stealth
 - Level 19.0 Spellcasting
 - Level 10.0 Invocations
 - Level 8.0 Evocations


You had 9 spell levels left.
You knew the following spells:

 Your Spells              Type           Power      Damage    Failure   Level
a - Orb of Destruction    Conj           57%        9d14      1%          7
b - Starburst             Conj/Fire      57%        6d15      1%          6
c - Summon Hydra          Summ           57%        N/A       1%          7
d - Petrify               Tmut/Erth      100%       N/A       1%          4
e - Sting                 Tmut/Pois      100%       1d8       1%          1
f - Sandblast             Erth           100%       2d20      1%          1
g - Summon Guardian Gole  Hex/Summ       100%       N/A       1%          3
h - Spider Form           Tmut/Pois      100%       N/A       1%          3
i - Static Discharge      Conj/Air       100%       3-16/arc  1%          2
j - Passwall              Tmut/Erth      95%        N/A       1%          2
k - Fireball              Conj/Fire      57%        3d22      1%          5
l - Iskenderun's Mystic   Conj/Tloc      100%       2d19      1%          4
m - Stone Arrow           Conj/Erth      100%       3d13      1%          3
Your spell library was empty.

Dungeon Overview and Level Annotations

Branches:
Dungeon (14/15)            Temple (0/1) D:4            Lair (5/5) D:11
 Shoals (4/4) Lair:3        Snake (4/4) Lair:3        Slime (0/5) Lair:4
    Orc (2/2) D:9             Elf (3/3) Orc:2       Ossuary (visited)
 Bailey (visited)           IceCv (visited)
 Vaults: D:13-14

Altars:
Dithmenos
Elyvilon
Gozag
Makhleb
Okawaru
Qazlal
Uskayaw
The Shining One
Jiyva

Shops:
D:5 [   D:8 *   Orc:2 :[*?   Elf:1 ((:   Elf:2 !   Snake:4 *

Portals:
Pandemonium: Orc:2

Annotations:
D:4 Eustachio
Snake:2 1 runed translucent door
Elf:2 3 runed translucent doors


Innate Abilities, Weirdness & Mutations

You are immune to sickness and miasma.
You are immune to poison.
Your flesh is very heat resistant. (rF++)
You are vulnerable to cold. (rC-)
You float through the air rather than walking.
You learn spells naturally, not from books.
Your magical power is your life essence.
You have superior vitality. (+4 MHP)
You have a pair of small antennae on your head.
Your mind is acute. (Int +4, Str/Dex -1)
Your spells are a little harder to cast, but a little more powerful.


Message History

The arrow hits your 11-headed hydra!!!
The deep elf master archer shoots an arrow.
The arrow barely misses your 11-headed hydra.
The arrow hits you!!
The deep elf master archer shoots an arrow.
The arrow hits your 11-headed hydra!!!
Your 11-headed hydra dies!
Your 11-headed hydra's corpse disappears in a puff of smoke!
The deep elf master archer shoots an arrow.
The arrow hits you!!
Clouds of noxious fumes condense around you!
The condenser dries out!
The deep elf master archer is engulfed in noxious fumes.
The deep elf master archer shoots an arrow.
The arrow completely misses you.
The deep elf master archer is engulfed in noxious fumes.
The deep elf master archer appears confused.
Okay, then.
You see here a +0 dagger.
Things that are here:
a +2 dagger of draining; a +0 leather armour; an elf corpse
Items here: )) [[ †.
The deep elf master archer seems less confused.
The deep elf master archer shoots an arrow.
The arrow hits you!!
* * * LOW HITPOINT WARNING * * *
You open the lid... ...and a juvenile batweird beast flies out!
The box is emptied!
The deep elf master archer shoots an arrow.
The arrow hits your juvenile batweird beast!!
The deep elf master archer shoots an arrow.
The arrow hits your juvenile batweird beast!!
Your juvenile batweird beast dies!
Your juvenile batweird beast's corpse disappears in a puff of smoke!
Okay, then.
A demon appears!
The deep elf master archer shoots an arrow.
The arrow hits you!!
You die...

#.......# ####'#### #.# #.#
+###'#### ####### ##.......##
###e.§..#### #.........##
##.))#..)...###
...........#######))###........##
..............2.@§)## #...#.....#
............######## #..###)...#
........^...# #...##.)...
............# #....##....
............# ##...#.#...
............# #....##..)
......).....# #....###..
...........## ##....###.
#.........## #.....#..


You could see a deep elf master archer (ally target) and a friendly balrug
(summoned).

Vanquished Creatures
  Vashnia (Snake:4)
  A shard shrike (IceCv)
  Zenata (Elf:2)
  Frances (D:12)
  3 krakens
  Kirke (Snake:3)
  Donald (Shoals:1)
  4 nagarajas
  A deep elf sorcerer (Elf:3)
  An azure jelly (IceCv)
  A deep elf elementalist (Elf:3)
  7 quicksilver oozes (IceCv)
  A very ugly thing (D:14)
  Azrael (Orc:2)
  2 deep elf demonologists (Elf:3)
  A deep elf death mage (Elf:1)
  2 merfolk javelineers
  2 merfolk impalers (Shoals:4)
  Josephine (Lair:5)
  Fannar (Orc:1)
  2 salamander tyrants
  A rakshasa (D:14)
  17 anacondas
  5 hydras
  A merfolk aquamancer (Shoals:3)
  7 merfolk avatars
  18 naga warriors
  5 catoblepae
  An alligator snapping turtle (Shoals:3)
  A centaur warrior (D:14)
  14 death yaks
  7 two-headed ogres
  2 demonspawn (Orc:2)
  2 dancing weapons
  A sun demon (Orc:2)
  7 orc high priests (Orc:2)
  13 naga sharpshooters
  7 shock serpents
  4 deep elf knights
  A sea snake (shapeshifter) (Elf:2)
  3 salamander mystics
  2 deep trolls (D:12)
  2 orange crystal statues (IceCv)
  5 orc knights
  13 sea snakes
  7 naga ritualists
  2 deep elf archers
  5 harpies (Shoals:1)
  Pikel (D:9)
  13 deep elf pyromancers
  9 mana vipers
  6 deep elf zephyrmancers
  5 orc sorcerers (Orc:2)
  13 salamanders
  6 ugly things (D:14)
  5 fauns (Shoals:2)
  2 oklob plants (Lair:4)
  16 manticores
  4 elephants (Lair:3)
  5 cyclopes
  8 merfolk sirens
  33 black mambas
  5 guardian serpents
  5 water nymphs
  A torpor snail (Lair:4)
  16 naga magi
  A gargoyle (D:11)
  Psyche (D:8)
  10 cane toads
  2 kobold demonologists (D:9)
  7 komodo dragons
  3 rime drakes
  An efreet (D:13)
  A red devil (Orc:2)
  11 trolls
  2 hornets (D:10)
  14 merfolk
  3 polar bears
  A wolf spider simulacrum (D:14)
  3 wind drakes (Shoals:4)
  6 snapping turtles
  Grinder (D:6)
  11 slime creatures
  Sigmund (D:3)
  4 centaur simulacra (D:14)
  11 dream sheep
  2 vampires
  A shadow (D:12)
  A spriggan (shapeshifter) (D:13)
  16 water elementals
  5 wraiths
  4 wyverns
  2 basilisks
  Grum (Lair:1)
  79 yaks
  3 fire elementals
  A human (Snake:3)
  2 steam dragons
  2 vampire mosquitoes (D:12)
  6 hogs (Snake:3)
  5 wargs
  3 hell hounds (Orc:2)
  55 nagas
  14 water moccasins
  39 orc warriors
  3 ice beasts
  A black bear (Lair:3)
  3 sky beasts
  5 great orb of eyes simulacra (IceCv)
  4 boggarts (Lair:3)
  5 ogres
  12 centaurs
  3 lemures (D:9)
  26 wolves
  A phantom (D:5)
  7 slime creature simulacra (IceCv)
  An earth elemental (Elf:2)
  9 kobold brigands
  2 elf zombies (Ossuary)
  12 bullfrogs
  4 glowing shapeshifter simulacra (IceCv)
  2 necrophages
  14 wights
  A hornet simulacrum (D:14)
  5 howler monkeys
  5 electric eels
  3 centaur zombies (Ossuary)
  2 human zombies (Ossuary)
  28 orc priests
  6 hounds
  26 orc wizards
  10 iguanas
  2 mummies (Ossuary)
  13 gnolls
  6 adders
  10 white imps
  2 ufetubi (D:14)
  An adder zombie (Ossuary)
  2 dart slugs
  76 orcs
  8 ball pythons
  5 endoplasms
  3 giant cockroaches
  14 goblins
  7 hobgoblins
  22 kobolds
  5 quokkas
  4 bats
  A frilled lizard (D:1)
  8 hobgoblin zombies (Ossuary)
  10 kobold zombies (Ossuary)
  11 orc zombies (Ossuary)
  2 rats
  2 tentacles (Shoals:2)
1091 creatures vanquished.

Vanquished Creatures (collateral kills)
  2 krakens (Shoals:4)
  Polyphemus (Shoals:4)
  A nagaraja (Snake:4)
  4 deep elf sorcerers
  2 deep elf elementalists (Elf:3)
  2 deep elf demonologists (Elf:3)
  3 deep elf annihilators (Elf:3)
  4 deep elf death magi (Elf:3)
  A deep elf high priest (Elf:3)
  A hydra (Lair:2)
  2 merfolk aquamancers (Shoals:3)
  A merfolk avatar (Shoals:3)
  5 dancing weapons
  A centaur warrior (Shoals:3)
  2 orc high priests
  3 death yaks (Shoals:4)
  4 deep elf knights
  A sea snake (Shoals:3)
  5 deep elf archers
  11 deep elf pyromancers
  14 deep elf zephyrmancers
  2 manticores
  2 fauns (Shoals:2)
  3 water nymphs
  4 merfolk sirens
  An elephant (Lair:3)
  A torpor snail (shapeshifter) (Elf:3)
  A cane toad (Lair:2)
  A komodo dragon (Lair:2)
  A red devil (Orc:2)
  4 merfolk
  A raiju (shapeshifter) (Elf:3)
  A wind drake (Shoals:3)
  2 air elementals (Elf:2)
  5 water elementals
  2 fire elementals
  A warg (Elf:2)
  Duvessa (D:4)
  2 water moccasins (Lair:2)
  7 orc warriors
  2 sky beasts (D:7)
  2 wolves (Lair:2)
  2 kobold brigands
  An earth elemental (Elf:1)
  Dowan (D:4)
  6 orc priests
  A gnoll (D:7)
  5 orcs
  3 goblins (D:7)
  9 kobolds
  4 tentacles (Shoals:4)
148 creatures vanquished.

Vanquished Creatures (others)
  7 yaks
  An orc priest (D:10)
  An orc wizard (D:10)
  5 orcs
  16 fungi
  120 plants
  20 tentacles
170 creatures vanquished.

Grand Total: 1409 creatures vanquished

Notes
Turn   | Place    | Note
-------+----------+-------------------------------------------
     0 | D:1      | enile the Djinni Earth Elementalist began the quest for the
                  | Orb.
     0 | D:1      | enile set off with the following spells memorised:
                  | Sandblast, Passwall, Stone Arrow, Petrify.
     0 | D:1      | Reached XP level 1. HP: 15/15 MP: 0/0
   124 | D:1      | Reached XP level 2. HP: 20/21 MP: 0/0
   524 | D:1      | Reached skill level 1 in Fighting
   571 | D:1      | Reached XP level 3. HP: 25/27 MP: 0/0
   571 | D:1      | Learned a level 1 spell: Sting
  1492 | D:2      | Found a faded altar of an unknown god.
  1507 | D:2      | Prayed at the altar of an unknown god.
  1507 | D:2      | Became a worshipper of Makhleb the Destroyer
  1507 | D:2      | Reached * piety under Makhleb
  1998 | D:3      | Reached skill level 3 in Spellcasting
  1998 | D:3      | Reached XP level 4. HP: 31/33 MP: 0/0
  2144 | D:3      | Noticed Sigmund
  2160 | D:3      | Killed Sigmund
  2161 | D:3      | Reached skill level 4 in Spellcasting
  2161 | D:3      | Reached XP level 5. HP: 30/38 MP: 0/0
  2161 | D:3      | Learned a level 2 spell: Static Discharge
  2161 | D:3      | Reached XP level 6. HP: 34/43 MP: 0/0
  2426 | D:3      | Found a glowing golden altar of the Shining One.
  2693 | D:4      | Found a staircase to the Ecumenical Temple.
  2695 | D:4      | Found a sand-covered staircase.
  2702 | Ossuary  | Entered an ossuary
  2817 | Ossuary  | Reached ** piety under Makhleb
  3217 | Ossuary  | Reached skill level 5 in Spellcasting
  3232 | Ossuary  | Reached XP level 7. HP: 27/49 MP: 0/0
  3232 | Ossuary  | Learned a level 3 spell: Summon Guardian Golem
  4237 | D:4      | Reached XP level 8. HP: 44/58 MP: 0/0
  4378 | D:4      | Reached skill level 6 in Spellcasting
  4378 | D:4      | Reached *** piety under Makhleb
  4500 | D:4      | Noticed Duvessa
  4501 | D:4      | Noticed Dowan
  4516 | D:4      | Killed Duvessa
  4523 | D:4      | Killed Dowan
  4683 | D:4      | Reached skill level 5 in Dodging
  5315 | D:5      | Entered Level 5 of the Dungeon
  5321 | D:5      | Noticed Eustachio
  5497 | D:5      | Found Nagup's Antique Armour Shop.
  5651 | D:5      | Reached skill level 5 in Fighting
  5724 | D:5      | Reached XP level 9. HP: 53/65 MP: 0/0
  5724 | D:5      | Learned a level 3 spell: Spider Form
  5859 | D:5      | Noticed a troll
  5863 | D:5      | Killed a troll
  6221 | D:5      | Found a burning altar of Makhleb.
  6303 | D:6      | Found a white marble altar of Elyvilon.
  6324 | D:6      | Found a hide-covered altar of Uskayaw.
  6365 | D:6      | Found a stormy altar of Qazlal.
  6582 | D:6      | Noticed Grinder
  6595 | D:6      | Reached skill level 7 in Spellcasting
  6595 | D:6      | Reached skill level 1 in Invocations
  6622 | D:6      | Killed Grinder
  6834 | D:6      | Reached **** piety under Makhleb
  6982 | D:6      | Reached XP level 10. HP: 68/75 MP: 0/0
  7310 | D:7      | Reached skill level 5 in Invocations
  7386 | D:7      | Found a flagged portal.
  7431 | Bailey   | Entered a bailey
  7460 | Bailey   | Reached skill level 8 in Spellcasting
  7487 | Bailey   | Identified the +5 bardiche of the New World {antimagic, rF-
                  | rN+++ Str+2 Int+5}
  7517 | Bailey   | Found an iron altar of Okawaru.
  7533 | Bailey   | Identified the +2 chain mail of the Worm {Harm Drain rC-
                  | Slay+5}
  7708 | D:7      | Reached ***** piety under Makhleb
  8151 | D:8      | Noticed Psyche
  8285 | D:8      | Reached skill level 9 in Spellcasting
  8494 | D:8      | Found Ishroapp's CLEARANCE SALE!.
  8499 | D:8      | Noticed a two-headed ogre
  8500 | D:8      | Bought a wand of mindburst (10) for 28 gold pieces
  8500 | D:8      | Bought a condenser vane for 80 gold pieces
  8504 | D:8      | Killed a two-headed ogre
  8505 | D:8      | Reached XP level 11. HP: 79/79 MP: 0/0
  8505 | D:8      | Learned a level 4 spell: Iskenderun's Mystic Blast
  8650 | D:8      | Killed Psyche
  8878 | D:9      | Reached skill level 10 in Spellcasting
  8917 | D:9      | Reached skill level 1 in Evocations
  9024 | D:9      | Noticed a two-headed ogre
  9033 | D:9      | Killed a two-headed ogre
  9041 | D:9      | Reached skill level 5 in Evocations
  9063 | D:9      | Noticed a sixfirhy
  9282 | D:9      | Noticed Pikel
  9290 | D:9      | Killed Pikel
  9355 | D:9      | Found an iron altar of Okawaru.
  9468 | D:9      | Found a staircase to the Orcish Mines.
  9538 | D:10     | Entered Level 10 of the Dungeon
  9766 | D:10     | Noticed a two-headed ogre
  9771 | D:10     | Killed a two-headed ogre
  9904 | D:10     | Reached XP level 12. HP: 91/91 MP: 0/0
  9922 | D:10     | Reached skill level 10 in Fighting
 10275 | D:10     | You are sucked into a shaft and drop 1 floor!
 10314 | D:11     | Noticed a two-headed ogre
 10318 | D:11     | Killed a two-headed ogre
 10376 | D:11     | Reached skill level 11 in Spellcasting
 10397 | D:11     | Found a staircase to the Lair.
 10756 | D:11     | Noticed a two-headed ogre
 10772 | D:11     | Killed a two-headed ogre
 11299 | Lair:1   | Entered Level 1 of the Lair of Beasts
 11355 | Lair:1   | Reached skill level 12 in Spellcasting
 11363 | Lair:1   | Reached skill level 1 in Armour
 11424 | Lair:1   | Identified a scroll of acquirement
 11426 | Lair:1   | Acquired the +0 pair of gloves of Cuapt {rElec Dex+4
                  | Slay+3}
 11466 | Lair:1   | Reached XP level 13. HP: 61/96 MP: 0/0
 11466 | Lair:1   | Learned a level 5 spell: Fireball
 11469 | Lair:1   | Reached skill level 1 in Long Blades
 11525 | Lair:1   | Noticed Grum
 11528 | Lair:1   | Killed Grum
 12016 | Lair:2   | Reached ****** piety under Makhleb
 12146 | Lair:2   | Noticed a seven-headed hydra
 12160 | Lair:2   | Killed a seven-headed hydra
 12182 | Lair:2   | Noticed a seven-headed hydra
 12188 | Lair:2   | Killed a seven-headed hydra
 12314 | Lair:2   | Reached skill level 13 in Spellcasting
 12886 | Lair:3   | Noticed an eight-headed hydra
 12890 | Lair:3   | Killed an eight-headed hydra
 13020 | Lair:3   | Noticed a catoblepas
 13024 | Lair:3   | Killed a catoblepas
 13113 | Lair:3   | Reached XP level 14. HP: 103/103 MP: 0/0
 13153 | Lair:3   | Identified the +1 scimitar of Led Hove {elec, rCorr Dex+6}
 13194 | Lair:3   | Reached skill level 14 in Spellcasting
 13324 | Lair:3   | Found a staircase to the Shoals.
 13511 | Lair:3   | Found a staircase to the Snake Pit.
 14306 | Lair:4   | Found a viscous altar of Jiyva.
 14308 | Lair:4   | Found a staircase to the Slime Pits.
 14312 | Lair:4   | Reached skill level 10 in Dodging
 14632 | Lair:5   | Entered Level 5 of the Lair of Beasts
 14678 | Lair:5   | Identified the +5 spear of More {antimagic, rPois}
 14687 | Lair:5   | Found an opulent altar of Gozag.
 15137 | Lair:5   | Noticed Josephine
 15146 | Lair:5   | Killed Josephine
 15491 | Lair:4   | Reached XP level 15. HP: 33/112 MP: 0/0
 15491 | Lair:4   | Learned a level 6 spell: Starburst
 16396 | Orc:1    | Entered Level 1 of the Orcish Mines
 16644 | Orc:2    | Entered Level 2 of the Orcish Mines
 16871 | Orc:2    | Noticed Azrael
 16886 | Orc:2    | Found Bumaew's Magic Scroll Emporium.
 16892 | Orc:2    | Found Cauceown's General Store.
 16973 | Orc:2    | Bought a potion of berserk rage for 75 gold pieces
 16973 | Orc:2    | Bought a scroll of blinking for 112 gold pieces
 16975 | Orc:2    | Bought a scroll of fear for 60 gold pieces
 16975 | Orc:2    | Bought a scroll of blinking for 112 gold pieces
 16975 | Orc:2    | Bought a scroll of enchant weapon for 112 gold pieces
 17022 | Orc:2    | Killed Azrael
 17159 | Orc:2    | Found a staircase to the Elven Halls.
 17777 | Orc:2    | Reached skill level 15 in Fighting
 17933 | Orc:2    | Found Howi's Antique Armour Boutique.
 17933 | Orc:2    | Found Ythoto's Book Shop.
 17934 | Orc:2    | Found a one-way gate leading to the halls of Pandemonium.
 17936 | Orc:2    | Bought an embroidered scarf for 288 gold pieces
 17974 | Orc:2    | Bought the amulet "Vevab" {Faith Harm Regen+ Str+2 Dex-5}
                  | for 610 gold pieces
 18294 | Orc:1    | Noticed Fannar
 18300 | Orc:1    | Killed Fannar
 18803 | D:12     | Reached XP level 16. HP: 126/126 MP: 0/0
 19030 | D:12     | Noticed Frances
 19058 | D:12     | Killed Frances
 19744 | D:13     | Identified the +10 halberd "Terax" {drain, Str+2 Int+4}
 19887 | D:13     | Reached skill level 15 in Spellcasting
 20100 | D:14     | Found a frozen archway.
 20144 | IceCv    | Entered an ice cave
 20352 | IceCv    | Noticed an azure jelly
 20436 | IceCv    | Found a viscous altar of Jiyva.
 20436 | IceCv    | Noticed an azure jelly
 20436 | IceCv    | Noticed an azure jelly
 20505 | IceCv    | Noticed a rockslime
 20608 | IceCv    | Noticed a shard shrike
 20608 | IceCv    | a rockslime changed into a shard shrike
 20611 | IceCv    | Killed a shard shrike
 20620 | IceCv    | Killed an azure jelly
 21207 | Snake:1  | Entered Level 1 of the Snake Pit
 21274 | Snake:1  | Identified the ring "Pitioth" {Will++ Int+3 Dex+6}
 21328 | Snake:1  | Gained mutation: Your mind is acute. (Int +4, Str/Dex -1)
                  | [potion of mutation]
 21328 | Snake:1  | Gained mutation: You have a pair of small antennae on your
                  | head. [potion of mutation]
 21328 | Snake:1  | Gained mutation: Your spells are a little harder to cast,
                  | but a little more powerful. [potion of mutation]
 21575 | Snake:1  | Reached XP level 17. HP: 45/131 MP: 0/0
 21575 | Snake:1  | Learned a level 7 spell: Orb of Destruction
 21879 | Snake:1  | Reached skill level 10 in Invocations
 22068 | Snake:1  | Reached skill level 16 in Spellcasting
 22592 | Snake:1  | Found the +3 salamander hide armour {Flames rF++ rC--}
 22918 | Snake:2  | Found a runed translucent door.
 23721 | Snake:3  | Found a shadowy altar of Dithmenos.
 23785 | Snake:3  | Reached skill level 17 in Spellcasting
 23838 | Snake:3  | Noticed Kirke
 23844 | Snake:3  | Killed Kirke
 24261 | Snake:3  | Reached XP level 18. HP: 134/138 MP: 0/0
 24417 | Snake:4  | Entered Level 4 of the Snake Pit
 24877 | Snake:4  | Found Qeliec's General Store.
 24912 | Snake:4  | Bought a potion of curing for 48 gold pieces
 25130 | Snake:4  | Reached skill level 18 in Spellcasting
 25135 | Snake:4  | Noticed Vashnia
 25223 | Snake:4  | Killed Vashnia
 25573 | Snake:4  | Got a serpentine rune of Zot
 25757 | Shoals:1 | Entered Level 1 of the Shoals
 25758 | Shoals:1 | Noticed Donald
 25765 | Shoals:1 | Killed Donald
 25806 | Shoals:1 | Identified the +2 short sword of Demonkind {drain, rElec
                  | rCorr Str-3 Int+4}
 25961 | Shoals:1 | Identified the +1 plate armour of Existentialism {Harm
                  | Drain rF+ Str+3 Slay+5}
 26204 | Shoals:1 | Identified the +0 pair of boots of the Cockroach {rCorr}
 26533 | Shoals:2 | Reached XP level 19. HP: 143/143 MP: 0/0
 26533 | Shoals:2 | Learned a level 7 spell: Summon Hydra
 26686 | Shoals:2 | Reached skill level 19 in Spellcasting
 28381 | Shoals:4 | Entered Level 4 of the Shoals
 28407 | Shoals:4 | Found Feorchuar's Antique Weapon Shoppe.
 28563 | Shoals:4 | Identified the ring of Bital {Drain rC+ rCorr Int+2 Slay+6}
 28733 | Shoals:4 | HP: 7/148 [merfolk javelineer/silver javelin (4)]
 29087 | Shoals:4 | Found the ring of the Tortoise {AC+8}
 29215 | Shoals:4 | Noticed Polyphemus
 29230 | Shoals:4 | Killed Polyphemus
 29315 | Shoals:4 | Got a barnacled rune of Zot
 29349 | Shoals:4 | Found the +7 mace of Variability {chain chaos}
 29932 | Elf:1    | Entered Level 1 of the Elven Halls
 30022 | Elf:1    | Reached XP level 20. HP: 156/157 MP: 0/0
 30262 | Elf:1    | Found Zumaj's Book Emporium.
 30316 | Elf:1    | Found Gecsacs's Antique Weapon Shop.
 30334 | Elf:1    | Found Meob's Weapon Shop.
 30349 | Elf:1    | Bought an ichor-stained rapier for 351 gold pieces
 30349 | Elf:1    | Identified the +4 rapier of Upheaval {elec, rC+ Str+5} (You
                  | bought it in a shop on level 1 of the Elven Halls)
 31044 | Elf:2    | Found Leretoymit's Distillery.
 31047 | Elf:2    | Noticed Zenata
 31051 | Elf:2    | Killed Zenata
 31068 | Elf:2    | Bought a potion of curing for 54 gold pieces
 31068 | Elf:2    | Bought a potion of berserk rage for 90 gold pieces
 31068 | Elf:2    | Bought a potion of curing for 54 gold pieces
 31068 | Elf:2    | Bought a potion of mutation for 144 gold pieces
 31068 | Elf:2    | Bought a potion of curing for 54 gold pieces
 31339 | Elf:2    | Found a runed translucent gate.
 31339 | Elf:2    | Found a runed translucent gate.
 31339 | Elf:2    | Found a runed translucent gate.
 31749 | Elf:3    | Entered Level 3 of the Elven Halls
 32296 | Elf:3    | Reached skill level 15 in Dodging
 32301 | Elf:3    | Reached skill level 1 in Maces & Flails
 32389 | Elf:3    | Identified the +3 leather armour of Hifip {rCorr Str+3}
 32408 | Elf:3    | Identified the +9 longbow "Itaysas" {vorpal, Fly Str+2}
 32408 | Elf:3    | Identified the +1 hand crossbow of Internal Strife {elec,
                  | Int+2}
 32409 | Elf:3    | Identified the +3 morningstar of the Rat {freeze, *Corrode
                  | Str+5 Int+4}
 32447 | Elf:3    | Shot with an arrow by a deep elf master archer

Illustrated notes

Levels and vault maps discovered:
D:1:      lightli_arrival_statuegarden, layout_loops_ring,
          minmay_misc_feat_nine_boxes
D:2:      layout_loops_ring, shapermc_ecumenical_altar_gd
D:3:      layout_rooms, nicolae_tso_carved_into_rock, uniq_sigmund
D:4:      layout_gridville, minmay_temple_entry_proselytizer,
          nicolae_ossuary_entry_plus, uniq_duvessa
D:5:      layout_basic, lemuel_coloured_pillars_altar, serial_shops,
          nicolae_shop_trees, serial_glass, glass_columns_c, glass_columns_c,
          glass_columns_a, glass_columns_c, glass_columns_b, uniq_eustachio
D:6:      layout_basic, mainiacjoe_overflow_catwalk, jmf_multi_god_temple,
          minmay_a_box_with_orc_wizards_in_it, uniq_grinder
D:7:      layout_rooms, enter_bailey_5, grunt_ministairs_8, serial_bayou_pond_e
D:8:      layout_cave_pods, minmay_misc_feat_hallway, nicolae_shop_clearance,
          uniq_psyche
D:9:      layout_cross, okawaru_altar_gauntlet_db, orc_0_dummy, grunt_ogre_cave,
          due_unseen_surprise, uniq_pikel
D:10:     layout_loops_ring, hangedman_corner_corridor
D:11:     layout_loops_ring, erik_lair_island, kennysheep_generic_room_5
D:12:     lemuel_troll_bridge, layout_irregular_city, minmay_variable_closet,
          uniq_frances
D:13:     layout_basic
D:14:     layout_roguey, david_vaults_4, serial_ice, serial_ice_m, serial_ice_a,
          serial_ice_e, serial_ice_h, serial_ice_j, serial_ice_b, serial_ice_f,
          serial_ice_o, serial_ice_g, serial_ice_n,
          portal_ice_cave_entry_ugly_swarm, nrook_mini_backslash
Lair:1:   layout_misc_corridors, grunt_megastairs_2,
          infiniplex_staircase_pool_2, uniq_grum
Lair:2:   layout_hall_layers
Lair:3:   layout_hall_layers, minmay_shoals_entry_centaurs,
          minmay_snake_entry_guardpost_medium, kilobyte_rumbling_trees
Lair:4:   layout_regular_city, minmay_slime_entry_oklob_enclosed
Lair:5:   evilmike_catoblepas_cave, layout_loops_ring, basic_altar,
          minivault_27, uniq_josephine
Shoals:1: layout_shoals, uniq_donald
Shoals:2: layout_shoals
Shoals:3: cheibrodos_shoals_baths, layout_shoals
Shoals:4: shoals_end_hangedman, layout_shoals, serial_shops,
          nicolae_shop_crystal, uniq_polyphemus
Snake:1:  layout_chambers, hellmonk_guarded_unrand_salamander,
          serial_bayou_shore_b, grunt_megastairs_4
Snake:2:  cheibrodos_toxic_ritual, layout_rooms, serial_bayou_shore_b
Snake:3:  layout_cave_town, basic_altar, uniq_kirke
Snake:4:  grunt_snake_rune_serpentine_throne, layout_misc_corridors,
          serial_shops, nicolae_shop_waterfront
Orc:1:    layout_diamond_mine, uniq_fannar
Orc:2:    pf_orc_diabolical, layout_caves, basic_altar, uniq_azrael
Elf:1:    eino_elf_arrival_altar, layout_loops_cross, serial_shops, shop,
          shop_coins, shop_statue, minmay_elf_sorcery, st_stairs_11
Elf:2:    nicolae_elf_blades_splatter_lattice
          [nicolae_blade_entry_sentries_behind_glass], layout_gridlike,
          serial_sigils, serial_sigils_hangedman_scratch,
          serial_sigils_hangedman_quiver, serial_shops, shop, uniq_zenata
Elf:3:    minmay_elf_hall_curves, layout_geoelf_grid

Skill      XL: |  1  2  3  4  5  6  7  8  9 10 11 12 13 14 15 16 17 18 19 20 |
---------------+-------------------------------------------------------------+-----
Fighting       | 1 2 4 5 7 9 10 11 15 18 | 18.0
Spellcasting   | 3 4 5 6 7 9 10 12 13 14 15 17 18 19 | 19.0
Dodging        | 6 10 15 | 15.0
Invocations    | 4 5 7 9 10 | 10.0
Evocations     | 5 8 |  8.0
Armour         | 4 |  4.0
Long Blades    | 4 |  4.0
Maces & Flails | 3 |  3.0
Stealth        | |  1.9

Action                   |  1- 3 |  4- 6 |  7- 9 | 10-12 | 13-15 | 16-18 | 19-21 || total
-------------------------+-------+-------+-------+-------+-------+-------+-------++-------
Melee: Hand axe          |       |     7 |     7 |       |       |       |       ||    14
       Punch             |       |     1 |     2 |     2 |     1 |       |       ||     6
       Morningstar       |       |       |    61 |     5 |       |       |       ||    66
       Bardiche          |       |       |       |    78 |       |       |       ||    78
       Great sword       |       |       |       |    75 |     1 |       |       ||    76
       Staff             |       |       |       |       |    13 |    18 |     7 ||    38
       Scimitar          |       |       |       |       |    60 |       |       ||    60
       Great mace        |       |       |       |       |       |       |    71 ||    71
 Cast: Sandblast         |    57 |    43 |    50 |     6 |       |       |       ||   156
       Stone Arrow       |       |    19 |    83 |   214 |    68 |    12 |       ||   396
       Passwall          |       |     1 |       |       |       |       |       ||     1
       Summon Guardian G |       |       |     3 |     5 |     2 |       |       ||    10
       Static Discharge  |       |       |       |    13 |       |       |       ||    13
       Iskenderun's Myst |       |       |       |    19 |    69 |    13 |       ||   101
       Petrify           |       |       |       |     5 |       |     1 |       ||     6
       Fireball          |       |       |       |       |   189 |     3 |       ||   192
       Starburst         |       |       |       |       |   140 |   278 |    73 ||   491
       Orb of Destructio |       |       |       |       |       |   115 |    53 ||   168
       Summon Hydra      |       |       |       |       |       |       |   131 ||   131
Invok: Lesser Servant of |       |       |     1 |     3 |     3 |     4 |     1 ||    12
       Greater Servant o |       |       |       |       |     1 |     4 |     1 ||     6
Evoke: Wand              |       |       |     1 |     1 |    13 |     6 |       ||    21
       Condenser vane    |       |       |       |     1 |     3 |     2 |     3 ||     9
       Box of beasts     |       |       |       |       |       |     2 |     3 ||     5
  Use: Scroll            |     1 |     4 |     2 |    19 |    12 |    19 |     9 ||    66
       Potion            |       |       |     1 |       |     1 |     4 |     6 ||    12
 Stab: Sleeping          |       |       |       |     3 |     1 |     1 |     1 ||     6
       Distracted        |       |       |       |     1 |     2 |     1 |     1 ||     5
       Petrified         |       |       |       |     4 |       |       |       ||     4
       Petrifying        |       |       |       |     1 |       |       |       ||     1
Armor: Robe              |     5 |     2 |    14 |       |       |       |       ||    21
       Troll leather arm |       |       |     8 |    37 |    53 |    39 |    27 ||   164
Dodge: Dodged            |     6 |    13 |    94 |   369 |   408 |   213 |   176 ||  1279

Table legend: (Time is in decaauts)
 A = Elapsed time spent in this place.
 B = Non-inter-level travel time spent in this place.
 C = Inter-level travel time spent in this place.
 D = Time resting spent in this place.
 E = Time spent auto-exploring this place.
 F = Levels seen in this place.
 G = Mean time per level.
                   A        B        C        D        E       F      G
               +--------+--------+--------+--------+--------+-----+--------+
         Total |  32773 |  30403 |   2370 |    693 |  22663 |  35 |  936.4 |
       Dungeon |  12495 |  11545 |    950 |    192 |   8989 |  14 |  892.5 |
          Lair |   5060 |   4664 |    396 |     48 |   3683 |   5 | 1012.0 |
        Shoals |   3978 |   3819 |    159 |    156 |   2891 |   4 |  994.5 |
     Snake Pit |   4529 |   4162 |    367 |    152 |   3103 |   4 | 1132.2 |
  Orcish Mines |   2121 |   1683 |    438 |    111 |   1087 |   2 | 1060.5 |
   Elven Halls |   2565 |   2508 |     57 |      6 |   1705 |   3 |  855.0 |
       Ossuary |   1345 |   1345 |      0 |      3 |    983 |   1 | 1345.0 |
        Bailey |    185 |    185 |      0 |      0 |     72 |   1 |  185.0 |
      Ice Cave |    491 |    491 |      0 |     25 |    149 |   1 |  491.0 |
               +--------+--------+--------+--------+--------+-----+--------+

Top non-repeatable levels by time:
 Snake:1: 1696 daAuts
   Orc:2: 1498 daAuts
     D:4: 1346 daAuts
 Ossuary: 1345 daAuts
  Lair:5: 1327 daAuts
  Lair:4: 1195 daAuts
    D:11: 1158 daAuts
Shoals:4: 1156 daAuts
Shoals:3: 1154 daAuts
     D:1: 1126 daAuts
   Elf:1: 1124 daAuts
 Snake:4: 1117 daAuts
     D:6: 1053 daAuts
     D:8: 997 daAuts
    D:10: 996 daAuts
